3L
HOUSTON 1837 COLT .45S @ PANAMA CITY PIRANHAS
09/02/2020
 
TOP OF THE 1ST
Houston 1837 Colt .45s batting - Pitching for Panama City Piranhas : RHP John Alvarado
Pitching: RHP John Alvarado
Batting: RHB Ed Anderson 0-0: Ball
1-0: Called Strike
1-1: Ball
2-1: Fly out, F9 (Flyball, 9M)
Batting: LHB Ray Merrill 0-0: Foul Ball, location: 2F
0-1: Called Strike
0-2: Foul Ball, location: 2F
0-2: Fly out, F9 (Line Drive, 89S)
Batting: RHB Bob Dickerson 0-0: SINGLE (Groundball, 6MD) (infield hit)
Batting: LHB Juan Rodríguez 0-0: Ball
1-0: Ball
2-0: Foul Ball, location: 2F
Pickoff Throw to First - Out!
Top of the 1st over - 0 run(s), 1 hit(s), 0 error(s), 0 left on base; Houston 1837 0 - Panama City 0
BOTTOM OF THE 1ST
Panama City Piranhas batting - Pitching for Houston 1837 Colt .45s : LHP Edison Larson
Pitching: LHP Edison Larson
Batting: RHB Cliff Dixon 0-0: Foul Ball, location: 2F
0-1: Ball
1-1: Foul Ball, location: 2F
1-2: Strikes out swinging
Batting: RHB Jeff Bass 0-0: Ball
1-0: Swinging Strike
1-1: Ball
2-1: Swinging Strike
2-2: Strikes out looking
Batting: RHB Kyle Myers 0-0: Fly out, F6 (Popup, 6)
Bottom of the 1st over - 0 run(s), 0 hit(s), 0 error(s), 0 left on base; Houston 1837 0 - Panama City 0
TOP OF THE 2ND
Houston 1837 Colt .45s batting - Pitching for Panama City Piranhas : RHP John Alvarado
Batting: LHB Juan Rodríguez 0-0: Called Strike
0-1: Swinging Strike
0-2: Strikes out swinging
Batting: RHB Rob Warner 0-0: Ball
1-0: Foul Ball, location: 2F
1-1: Ball
2-1: Swinging Strike
2-2: Fly out, F3 (Popup, 3L)
Batting: LHB Jack Robbins 0-0: Foul Ball, location: 2F
0-1: Foul Ball, location: 2F
0-2: Foul Ball, location: 2F
0-2: Ball
1-2: Foul Ball, location: 2F
1-2: Ground out 4-3 (Groundball, 4)
Top of the 2nd over - 0 run(s), 0 hit(s), 0 error(s), 0 left on base; Houston 1837 0 - Panama City 0
BOTTOM OF THE 2ND
Panama City Piranhas batting - Pitching for Houston 1837 Colt .45s : LHP Edison Larson
Batting: LHB Francisco Sánchez 0-0: Ball
1-0: Ball
2-0: Foul Ball, location: 2F
2-1: Foul Ball, location: 2F
2-2: Strikes out swinging
Batting: RHB Félix Rodríguez 0-0: Called Strike
0-1: Ball
1-1: Ball
2-1: Foul Ball, location: 2F
2-2: Foul Ball, location: 2F
2-2: Ball
3-2: SINGLE (Line Drive, 56)
Batting: LHB Arturo Guzmán 0-0: Ball
1-0: Called Strike
1-1: Ball
2-1: Called Strike
2-2: Ball
3-2: Grounds into double play, 4-6-3 (Groundball, 34)
Bottom of the 2nd over - 0 run(s), 1 hit(s), 0 error(s), 0 left on base; Houston 1837 0 - Panama City 0
TOP OF THE 3RD
Houston 1837 Colt .45s batting - Pitching for Panama City Piranhas : RHP John Alvarado
Batting: LHB Mark McClear 0-0: Called Strike
0-1: Foul Ball, location: 2F
0-2: Ball
1-2: Strikes out swinging
Batting: LHB Edison Larson 0-0: Called Strike
0-1: Ball
1-1: Ball
2-1: Swinging Strike
2-2: Strikes out swinging
Batting: RHB Steve Hinkle 0-0: Ball
1-0: Foul Ball, location: 2F
1-1: Ball
2-1: Called Strike
2-2: Foul Ball, location: 2F
2-2: Ball
3-2: Strikes out swinging
Top of the 3rd over - 0 run(s), 0 hit(s), 0 error(s), 0 left on base; Houston 1837 0 - Panama City 0
BOTTOM OF THE 3RD
Panama City Piranhas batting - Pitching for Houston 1837 Colt .45s : LHP Edison Larson
Batting: LHB Melvin Castro 0-0: Ball
1-0: Foul Ball, location: 2F
1-1: Foul Ball, location: 2F
1-2: Fly out, F5 (Popup, 5)
Batting: SHB Marc Talamante 0-0: Fly out, F5 (Popup, 5L)
Batting: RHB John Alvarado 0-0: Swinging Strike
0-1: Ball
1-1: Fly out, F8 (Flyball, 8LM)
Bottom of the 3rd over - 0 run(s), 0 hit(s), 0 error(s), 0 left on base; Houston 1837 0 - Panama City 0
TOP OF THE 4TH
Houston 1837 Colt .45s batting - Pitching for Panama City Piranhas : RHP John Alvarado
Batting: RHB Ed Anderson 0-0: Ball
1-0: Called Strike
1-1: Called Strike
1-2: Foul Ball, location: 2F
1-2: Ball
2-2: Foul Ball, location: 2F
2-2: Ball
3-2: Ground out 5-3 (Groundball, 5)
Batting: LHB Ray Merrill 0-0: Foul Ball, location: 2F
0-1: Ball
1-1: Ball
2-1: Ball
3-1: Ground out 4-3 (Groundball, 4)
Batting: RHB Bob Dickerson 0-0: Ball
1-0: Ball
2-0: Called Strike
2-1: Fly out, F8 (Flyball, 8RS)
Top of the 4th over - 0 run(s), 0 hit(s), 0 error(s), 0 left on base; Houston 1837 0 - Panama City 0
BOTTOM OF THE 4TH
Panama City Piranhas batting - Pitching for Houston 1837 Colt .45s : LHP Edison Larson
Batting: RHB Cliff Dixon 0-0: Called Strike
0-1: SINGLE (Line Drive, 89S)
Batting: RHB Jeff Bass 0-0: Called Strike
0-1: Ground out 4-3 (Groundball, 4M)
Cliff Dixon to second
Batting: RHB Kyle Myers 0-0: Ball
1-0: Ball
2-0: Called Strike
2-1: Ground out 5-3 (Groundball, 56)
Batting: LHB Francisco Sánchez 0-0: Called Strike
0-1: Ball
1-1: Ground out 1-3 (Groundball, 15S)
Bottom of the 4th over - 0 run(s), 1 hit(s), 0 error(s), 1 left on base; Houston 1837 0 - Panama City 0
TOP OF THE 5TH
Houston 1837 Colt .45s batting - Pitching for Panama City Piranhas : RHP John Alvarado
Batting: LHB Juan Rodríguez 0-0: Called Strike
0-1: Fly out, F7 (Line Drive, 78M)
Batting: RHB Rob Warner 0-0: Called Strike
0-1: Ball
1-1: Foul Ball, location: 2F
1-2: Ball
2-2: Ball
3-2: Foul Ball, location: 2F
3-2: Foul Ball, location: 2F
3-2: Foul Ball, location: 2F
3-2: Base on Balls
Batting: LHB Jack Robbins 0-0: Foul Ball, location: 2F
0-1: Ball
1-1: Foul Ball, location: 2F
1-2: Ball
2-2: Ball
3-2: Reached on error, E6 (Groundball, 6M)
Rob Warner to second
Batting: LHB Mark McClear 0-0: Called Strike
0-1: Fly out, F7 (Flyball, 7LS)
Batting: LHB Edison Larson 0-0: Fly out, F7 (Flyball, 78M)
Top of the 5th over - 0 run(s), 0 hit(s), 1 error(s), 2 left on base; Houston 1837 0 - Panama City 0
BOTTOM OF THE 5TH
Panama City Piranhas batting - Pitching for Houston 1837 Colt .45s : LHP Edison Larson
Batting: RHB Félix Rodríguez 0-0: SINGLE (Groundball, 6MD)
Batting: LHB Arturo Guzmán 0-0: Bunt missed!
0-1: Bunted foul
0-2: Foul Ball, location: 2F
0-2: Foul Ball, location: 2F
0-2: Ball
1-2: Foul Ball, location: 2F
1-2: Strikes out swinging
Batting: LHB Melvin Castro 0-0: Ball
1-0: Foul Ball, location: 2F
1-1: Ball
2-1: Foul Ball, location: 2F
2-2: Strikes out looking
Batting: SHB Marc Talamante 0-0: Swinging Strike
0-1: Ball
Wild Pitch!
Félix Rodríguez to second
1-1: SINGLE (Line Drive, 89S)
Félix Rodríguez to third
Batting: RHB John Alvarado 0-0: Called Strike
0-1: SINGLE (Groundball, 56D)
Félix Rodríguez scores
Marc Talamante to second
Batting: RHB Cliff Dixon 0-0: Ball
1-0: Called Strike
1-1: Swinging Strike
1-2: Ball
2-2: Foul Ball, location: 2F
2-2: Ground out 6-3 (Groundball, 56D)
Bottom of the 5th over - 1 run(s), 3 hit(s), 0 error(s), 2 left on base; Houston 1837 0 - Panama City 1
TOP OF THE 6TH
Houston 1837 Colt .45s batting - Pitching for Panama City Piranhas : RHP John Alvarado
Batting: RHB Steve Hinkle 0-0: Ball
1-0: Foul Ball, location: 2F
1-1: Fly out, F9 (Flyball, 9D)
Batting: RHB Ed Anderson 0-0: Called Strike
0-1: Ball
1-1: Ground out 4-3 (Groundball, 4M)
Batting: LHB Ray Merrill 0-0: Called Strike
0-1: Ball
1-1: Ball
2-1: Called Strike
2-2: Foul Ball, location: 2F
2-2: DOUBLE (Line Drive, 9LM)
Batting: RHB Bob Dickerson 0-0: Ball
1-0: Foul Ball, location: 2F
1-1: Foul Ball, location: 2F
1-2: Foul Ball, location: 2F
1-2: Ball
Passed Ball!
Ray Merrill to third
2-2: Ground out 4-3 (Groundball, 34)
Top of the 6th over - 0 run(s), 1 hit(s), 0 error(s), 1 left on base; Houston 1837 0 - Panama City 1
BOTTOM OF THE 6TH
Panama City Piranhas batting - Pitching for Houston 1837 Colt .45s : LHP Edison Larson
Batting: RHB Jeff Bass 0-0: Called Strike
0-1: Ball
1-1: Fly out, F8 (Flyball, 8RM)
Batting: RHB Kyle Myers 0-0: Ball
1-0: Swinging Strike
1-1: Foul Ball, location: 2F
1-2: Strikes out looking
Batting: LHB Francisco Sánchez 0-0: Fly out, F9 (Flyball, 89M)
Bottom of the 6th over - 0 run(s), 0 hit(s), 0 error(s), 0 left on base; Houston 1837 0 - Panama City 1
TOP OF THE 7TH
Houston 1837 Colt .45s batting - Pitching for Panama City Piranhas : RHP John Alvarado
Now at C: Vern Ewing
Now in LF: Hal Romaine
Batting: LHB Juan Rodríguez 0-0: Called Strike
0-1: Fly out, F6 (Popup, 6MD)
Batting: RHB Rob Warner 0-0: Ball
1-0: Swinging Strike
1-1: Ground out 6-3 (Groundball, 6)
Batting: LHB Jack Robbins 0-0: Ball
1-0: Called Strike
1-1: SINGLE (Flyball, 8RS)
Pitching: RHP Lester Craft
Batting: LHB Mark McClear 0-0: Ball
1-0: Ball
2-0: Ball
3-0: Called Strike
3-1: Swinging Strike
3-2: Strikes out swinging
Top of the 7th over - 0 run(s), 1 hit(s), 0 error(s), 1 left on base; Houston 1837 0 - Panama City 1
BOTTOM OF THE 7TH
Panama City Piranhas batting - Pitching for Houston 1837 Colt .45s : LHP Edison Larson
Batting: RHB Félix Rodríguez 0-0: Ball
1-0: Ball
2-0: Ball
3-0: Called Strike
3-1: Foul Ball, location: 2F
3-2: Base on Balls
Batting: LHB Arturo Guzmán 0-0: Ball
1-0: Ball
2-0: Called Strike
2-1: Swinging Strike
2-2: Ball
3-2: Foul Ball, location: 2F
3-2: Foul Ball, location: 2F
3-2: Fielders Choice at 2nd, 1-6 (Groundball, 13S)
Batting: LHB Melvin Castro 0-0: Called Strike
0-1: Ball
1-1: Fly out, F7 (Flyball, 7M)
Batting: SHB Marc Talamante 0-0: Ball
1-0: Ball
2-0: 2-RUN HOME RUN (Flyball, 7LD), Distance : 343 ft
Pinch Hitting: SHB Theodore Buck 0-0: Called Strike
0-1: Swinging Strike
0-2: Foul Ball, location: 2F
0-2: Strikes out looking
Bottom of the 7th over - 2 run(s), 1 hit(s), 0 error(s), 0 left on base; Houston 1837 0 - Panama City 3
TOP OF THE 8TH
Houston 1837 Colt .45s batting - Pitching for Panama City Piranhas : RHP Lester Craft
Pitching: RHP Dae Yi
Pinch Hitting: RHB Carlos Vela 0-0: Foul Ball, location: 2F
0-1: Called Strike
0-2: Ground out 6-3 (Groundball, 6M)
Batting: RHB Steve Hinkle 0-0: Ball
1-0: Swinging Strike
1-1: Swinging Strike
1-2: Foul Ball, location: 2F
1-2: Strikes out looking
Batting: RHB Ed Anderson 0-0: Ball
1-0: Ball
2-0: Called Strike
2-1: Called Strike
2-2: Ball
3-2: Foul Ball, location: 2F
3-2: Foul Ball, location: 2F
3-2: Base on Balls
Pitching: LHP Tommy Blevins
Batting: LHB Ray Merrill 0-0: Called Strike
0-1: Ball
1-1: Foul Ball, location: 2F
1-2: Fielders Choice at 2nd, U6 (Groundball, 6M)
Top of the 8th over - 0 run(s), 0 hit(s), 0 error(s), 1 left on base; Houston 1837 0 - Panama City 3
BOTTOM OF THE 8TH
Panama City Piranhas batting - Pitching for Houston 1837 Colt .45s : LHP Edison Larson
Pitching: RHP Jason Hubbell
Batting: RHB Vern Ewing 0-0: Fly out, F9 (Flyball, 9S)
Batting: RHB Jeff Bass 0-0: Ball
1-0: Called Strike
1-1: Ball
2-1: Called Strike
2-2: Ground out 6-3 (Groundball, 6)
Batting: RHB Kyle Myers 0-0: Foul Ball, location: 2F
0-1: Fly out, F8 (Flyball, 8LD)
Bottom of the 8th over - 0 run(s), 0 hit(s), 0 error(s), 0 left on base; Houston 1837 0 - Panama City 3
TOP OF THE 9TH
Houston 1837 Colt .45s batting - Pitching for Panama City Piranhas : LHP Tim Powell
Pitching: LHP Tim Powell
Batting: RHB Bob Dickerson 0-0: Foul Ball, location: 2F
0-1: Ball
1-1: Foul Ball, location: 2F
1-2: Foul Ball, location: 2F
1-2: Fly out, F5 (Line Drive, 56)
Pitching: RHP Jessie Holley
Batting: LHB Juan Rodríguez 0-0: Called Strike
0-1: Ground out 4-3 (Groundball, 4)
Batting: RHB Rob Warner 0-0: Ball
1-0: Ground out 6-3 (Groundball, 6)
Top of the 9th over - 0 run(s), 0 hit(s), 0 error(s), 0 left on base; Houston 1837 0 - Panama City 3
This league is powered by Out of the Park Baseball, the baseball management simulation game for PC, Mac and Linux
Friday, October 23rd, 2015 - OOTP Baseball 16.9 Build 39